AoeStats
← Wolong Qi

African Clearing

510291130Analyzed
2v2 RM · 1d ago on Sep 30, 2026· 58m 25s· 4 players
Game mode
Random Map
Map size
Medium (4 player)
Population
200
Speed
Normal
Resources
Standard
Victory
Conquest
Starting age
Dark Age
Ending age
Imperial Age
RankedLock teamsTeams togetherTeam positionsShared explorationLock speedFull tech treeHidden civsTurbo modeCheats
Victory
Defeat
🇪🇸 Huns · Spain
1255
+17
🇨🇳 Italians · China
1220
+18
1276
-18
🇯🇵 Wei · Japan
1257
-17
ezechias
13:24 Feudal Age
11:59 Loom
14:15 Double-Bit Axe
14:14 Horse Collar
16:25 Gold Mining
17:20 Stone Mining
23:24 Castle Age
21:44 Scale Barding Armor
22:51 Forging
23:45 Bloodlines
24:19 Husbandry
25:14 Chain Barding Armor
24:59 Fletching
30:04 Bodkin Arrow
31:40 Bow Saw
31:33 Heavy Plow
32:12 Gold Shaft Mining
33:08 Wheelbarrow
34:04 Masonry
34:15 Ballistics
36:04 Iron Casting
37:19 Tuntian
37:57 Hand Cart
41:17 Town Watch
41:16 Treadmill Crane
46:51 Imperial Age
47:27 Stone Shaft Mining
47:31 Town Patrol
48:20 Conscription
48:29 Ming Guang Armor
47:38 Heavy Hei Guang Cavalry
50:36 Blast Furnace
52:25 Chemistry
51:21 Murder Holes
50:49 Light Cavalry
53:07 Coinage
57:19 Banking
Colonel☜☆☞Chinko
3:14 Loom
14:09 Feudal Age
18:53 Castle Age
18:01 Double-Bit Axe
21:03 Scale Barding Armor
26:04 Wheelbarrow
28:12 Bloodlines
27:53 Horse Collar
29:26 Heavy Plow
29:40 Bow Saw
30:26 Hand Cart
31:24 Squires
31:28 Scale Mail Armor
31:38 Forging
32:43 Chain Mail Armor
35:57 Imperial Age
33:15 Town Watch
33:44 Grand Trunk Road
33:18 Elite Skirmisher
33:57 Fletching
34:28 Chain Barding Armor
34:30 Husbandry
35:09 Iron Casting
34:42 Thumb Ring
35:18 Gold Mining
35:23 Stone Mining
35:32 Bodkin Arrow
37:14 Padded Archer Armor
37:40 Ballistics
38:20 Chemistry
37:56 Siege Engineers
38:58 Blast Furnace
38:33 Heavy Camel Rider
40:04 Conscription
40:20 Hoardings
41:17 Two-Man Saw
41:36 Bracer
42:45 Leather Archer Armor
43:53 Gold Shaft Mining
43:54 Stone Shaft Mining
43:31 Masonry
42:52 Imperial Camel Rider
45:16 Plate Barding Armor
45:11 Ring Archer Armor
45:26 Shatagni
46:15 Elite Ghulam
52:13 Light Cavalry
53:28 Hussar
ElReyFifa69
14:13 Feudal Age
14:49 Double-Bit Axe
18:01 Castle Age
16:50 Loom
19:25 Bow Saw
20:07 Wheelbarrow
21:54 Fletching
22:09 Pikeman
26:30 Bodkin Arrow
28:58 Scale Barding Armor
36:53 Imperial Age
34:59 Horse Collar
35:47 Thumb Ring
36:08 Padded Archer Armor
37:36 Bracer
38:21 Parthian Tactics
38:17 Leather Archer Armor
38:42 Ballistics
39:38 Chemistry
40:52 Hand Cart
41:21 Chain Barding Armor
46:52 Two-Man Saw
47:36 Forging
48:02 Plate Barding Armor
48:17 Conscription
48:14 Gold Mining
48:03 Heavy Cavalry Archer
49:35 Bloodlines
49:27 Husbandry
53:03 Iron Casting
52:29 Heavy Plow
52:17 Town Watch
54:35 Town Patrol
56:32 Elite Tarkan
Wolong Qi
7:51 Loom
12:06 Feudal Age
12:15 Feudal Age
16:12 Castle Age
14:38 Double-Bit Axe
19:20 Bow Saw
21:29 Wheelbarrow
22:56 Husbandry
23:15 Town Watch
24:05 Bloodlines
25:39 Fletching
25:55 Crossbowman
29:14 Ballistics
30:37 Bodkin Arrow
33:20 Stone Mining
37:08 Imperial Age
35:19 Padded Archer Armor
35:30 Forging
35:32 Squires
36:32 Arson
36:49 Scale Mail Armor
37:25 Iron Casting
37:06 Leather Archer Armor
37:06 Horse Collar
38:38 Bracer
39:42 Chemistry
39:15 Conscription
40:10 Heavy Plow
40:42 Hand Cart
41:35 Chain Mail Armor
42:48 Conscription
42:23 Pikeman
45:31 Plate Mail Armor
46:02 Blast Furnace
45:33 Ring Archer Armor
45:48 Guilds
46:23 Scale Barding Armor
48:09 Town Patrol
49:04 Gold Mining
49:50 Stone Shaft Mining
49:54 Crop Rotation
50:27 Elite Genoese Crossbowman
53:00 Pirotechnia
53:26 Hoardings
53:35 Capped Ram
56:52 Silk Road
56:28 Treadmill Crane
56:58 Masonry
Connection lost

Rejoining the realm…

Still unreachable

The connection could not be restored.

Session expired

The server has moved on; the page needs a fresh start.